 Dungeon Crawl Stone Soup version 0.18-a0-1481-g708b138 (webtiles) character file.

1435 juanjsm the Poker (level 8, -2/71 HPs)
             Began as a Minotaur Berserker on Mar 2, 2016.
             Was a Priest of Trog.
             Slain by an orc warrior
             ... wielding a +0 trident
              (12 damage)
             ... on level 6 of the Dungeon.
             The game lasted 00:27:10 (3991 turns).

juanjsm the Poker (Minotaur Berserker)              Turns: 3991, Time: 00:27:11

Health: -2/71      AC: 16    Str: 24    XL:     8   Next: 45%
Magic:  7/7        EV: 10    Int:  4    God:    Trog [***...]
Gold:   334        SH:  0    Dex: 10    Spells: 0 memorised, 7 levels left

rFire  . . .     SeeInvis +     a - +2 spear
rCold  . . .     Gourm    +     s - +2 plate armour
rNeg   . . .     Faith    .     (no shield)
rPois  .         Spirit   .     (helmet restricted)
rElec  .         Dismiss  .     B - +0 cloak
rCorr  .         Reflect  .     (no gloves)
SustAt .         Harm     .     (no boots)
MR     .....                    k - amulet of the gourmand
Stlth  ..........               w - ring of see invisible
                                q - +2 ring of evasion

@: lethally poisoned (-2 -> -3), exhausted, about to teleport, slowed, very
slow, not resistant to hostile enchantments, extremely unstealthy
A: retaliatory headbutt, horns 2
a: Berserk, Trog's Hand, Burn Spellbooks, Renounce Religion


You were on level 6 of the Dungeon.
You worshipped Trog.
Trog was most pleased with you.
You were not hungry.

You visited 1 branch of the dungeon, and saw 6 of its levels.

You collected 334 gold pieces.

Inventory:

Hand Weapons
 a - a +2 spear (weapon)
 F - a +0 flail of holy wrath
Armour
 n - a +0 ring mail
 s - a +2 plate armour (worn)
 B - a +0 cloak (worn)
 P - a +2 robe of fire resistance
Jewellery
 i - an uncursed amulet of magic regeneration
 j - an uncursed ring of ice
 k - an amulet of the gourmand (around neck)
 q - a +2 ring of evasion (left hand)
 w - a ring of see invisible (right hand)
 A - a +3 amulet of reflection
 O - an uncursed amulet of regeneration {unknown}
Wands
 y - a wand of lightning (7/15)
 L - a wand of iceblast (7/15)
Scrolls
 d - a scroll of random uselessness
 f - 2 scrolls of immolation
 G - a scroll of fog
 H - a scroll of amnesia {unknown}
 M - a scroll of remove curse
Potions
 g - a potion of cure mutation {unknown}
 l - a potion of experience {unknown}
 m - 2 potions of curing {unknown}
 o - a potion of invisibility {unknown}
 p - 2 potions of flight {unknown}
 x - 2 potions of degeneration {unknown}
 z - a potion of magic {unknown}
 J - 2 potions of lignification {unknown}
Books
 e - a book of Minor Magic

   Spells                             Type                      Level
   a - Magic Dart                     Conjuration                  1
   b - Blink                          Translocation                2
   c - Call Imp                       Summoning                    2
   d - Repel Missiles                 Charms/Air                   2
   e - Slow                           Hexes                        2
   f - Conjure Flame                  Conjuration/Fire             3
   g - Mephitic Cloud                 Conjuration/Poison/Air       3
   Trog disapproves of the use of such an item.
 E - a book of Necromancy

   Spells                             Type                      Level
   a - Pain                           Necromancy                   1
   b - Animate Skeleton               Necromancy                   1
   c - Vampiric Draining              Necromancy                   3
   d - Regeneration                   Charms/Necromancy            3
   e - Animate Dead                   Necromancy                   4
   f - Control Undead                 Necromancy                   4
   Trog disapproves of the use of such an item.
 K - a Necronomicon

   Spells                             Type                      Level
   a - Haunt                          Necromancy/Summoning         7
   b - Borgnjor's Revivification      Necromancy                   8
   c - Death's Door                   Charms/Necromancy            8
   d - Necromutation                  Transmutation/Necromancy     8
   Trog disapproves of the use of such an item.
Comestibles
 c - 5 bread rations
 t - 4 meat rations


   Skills:
 + Level 6.9 Fighting
 + Level 7.7 Polearms
 + Level 7.2 Armour
 + Level 5.0 Dodging
 + Level 1.1 Stealth


You had 7 spell levels left.
You didn't know any spells.

Dungeon Overview and Level Annotations

Branches:
Dungeon (6/15)
 Temple: D:4-7

Altars:
Elyvilon
Makhleb
Qazlal


Innate Abilities, Weirdness & Mutations

You reflexively headbutt those who attack you in melee.
You have a pair of horns on your head.


Message History

The gnoll closely misses you. You furiously retaliate!
You headbutt the gnoll. The gnoll hits you but does no damage.
The orc warrior hits you from afar with a trident!
You hit the orc priest.
The orc priest is almost dead.
The worker ant barely misses you.
The orc priest invokes the aid of Beogh against you.
Beogh smites you! The gnoll hits you with a flail!
* * * LOW HITPOINT WARNING * * *
The gnoll hits you from afar with a halberd.
* * * LOW HITPOINT WARNING * * *
The worker ant barely misses you. You furiously retaliate!
You headbutt the worker ant.
As you read the scroll of teleportation, it crumbles to dust.
You feel strangely unstable.
Your skin stops crawling.
You feel less resistant to hostile enchantments.
You feel sick.
The orc warrior hits you from afar with a trident!
You die...

# .#
.############.#
....g......(..#
..g....#......#
#g)))...#
#)g.<)..##
#@ao).......
#...#oo...$.##.
##.###/.....#
#. #........ #
..........
#.........
####...### (..#


You could see an orc warrior, a worker ant, an orc priest, 2 gnolls and an orc.

Vanquished Creatures
  Sigmund (D:2)
  Eustachio (D:5)
  Duvessa (D:5)
  An orc warrior (D:6)
  A phantom (D:4)
  A sky beast (D:5)
  A scorpion (D:4)
  Dowan (D:5)
  2 crimson imps (D:5)
  3 orc priests
  4 orc wizards
  A jelly (D:5)
  A centaur skeleton (D:5)
  A giant frog skeleton (D:5)
  2 iguanas (D:4)
  Jessica (D:2)
  3 worker ants
  A howler monkey zombie (D:5)
  A gnoll (D:6)
  5 adders
  An adder skeleton (D:4)
  2 worms
  5 dart slugs
  5 giant geckos
  10 orcs
  3 giant cockroaches
  2 goblins
  5 hobgoblins
  7 jackals
  4 kobolds
  4 quokkas
  4 ball pythons
  4 bats
  A giant newt (D:3)
  5 rats
95 creatures vanquished.

Notes
Turn   | Place    | Note
--------------------------------------------------------------
     0 | D:1      | juanjsm the Minotaur Berserker began the quest for the Orb.
     0 | D:1      | Reached XP level 1. HP: 19/19 MP: 0/0
   170 | D:1      | Reached XP level 2. HP: 27/27 MP: 1/1
   781 | D:2      | Reached XP level 3. HP: 24/33 MP: 2/2
   865 | D:2      | Noticed Jessica
   868 | D:2      | Killed Jessica
   868 | D:2      | Reached ** piety under Trog
   868 | D:2      | Reached XP level 4. HP: 20/41 MP: 3/3
   920 | D:2      | Noticed Sigmund
   926 | D:2      | Killed Sigmund
   926 | D:2      | Reached skill level 5 in Fighting
   926 | D:2      | Reached skill level 5 in Polearms
   926 | D:2      | Reached XP level 5. HP: 9/48 MP: 4/4
  1854 | D:4      | Reached XP level 6. HP: 45/56 MP: 5/5
  2189 | D:4      | Reached XP level 7. HP: 52/62 MP: 6/6
  2331 | D:4      | Reached skill level 5 in Armour
  2417 | D:4      | Found a stormy altar of Qazlal.
  2420 | D:4      | Found a white marble altar of Elyvilon.
  2420 | D:4      | Found a burning altar of Makhleb.
  2578 | D:4      | You fall through a shaft!
  2578 | D:5      | Entered Level 5 of the Dungeon
  2929 | D:5      | Reached *** piety under Trog
  3381 | D:5      | Reached skill level 1 in Stealth
  3381 | D:5      | Reached XP level 8. HP: 71/71 MP: 7/7
  3456 | D:5      | Noticed Dowan
  3468 | D:5      | Killed Dowan
  3469 | D:5      | Noticed Duvessa
  3477 | D:5      | Killed Duvessa
  3838 | D:5      | Noticed Eustachio
  3873 | D:5      | Killed Eustachio
  3873 | D:5      | Reached skill level 5 in Dodging
  3991 | D:6      | Slain by an orc warrior

Vault maps used:
D:1:      mrwooster_arrival_statue_3
D:2:      uniq_jessica, uniq_sigmund
D:4:      grunt_temple_overflow_open, minmay_misc_feat_encased
D:5:      first_bread, uniq_eustachio, uniq_duvessa
D:6:      portal_sewer_entry_a

Skill      XL: |  1  2  3  4  5  6  7  8 |
---------------+-------------------------+-----
Polearms       | 4 5 6 7 |  7.7
Fighting       | 4 5 6 |  6.9
Armour         | 3 4 6 7 |  7.2
Dodging        | 3 4 5 |  5.0
Stealth        | 1 |  1.1

Action                   |  1- 3 |  4- 6 |  7- 9 || total
-------------------------+-------+-------+-------++-------
Melee: Spear             |    85 |   134 |   164 ||   383
Invok: Berserk           |     1 |     1 |     4 ||     6
       Trog's Hand       |       |     1 |     2 ||     3
  Use: Scroll            |       |     9 |     4 ||    13
  Eat: Chunk             |    11 |     7 |    10 ||    28
